 Dungeon Crawl Stone Soup version 0.23.2-1-ga50397a (webtiles) character file.

Game seed: 9112090935192800969

39 MalarOregon the Caller (level 3, -2/24 HPs)
             Began as a Vampire Summoner on May 12, 2019.
             Shot with a sling bullet by a goblin (8 damage)
             ... on level 2 of the Dungeon.
             The game lasted 00:03:37 (1904 turns).

MalarOregon the Caller (Vampire Summoner)           Turns: 1904, Time: 00:03:38

Health: -2/24      AC:  4    Str:  8    XL:     3   Next: 28%
Magic:  6/6        EV: 13    Int: 20    God:
Gold:   70         SH:  0    Dex: 14    Spells: 3/6 levels left

rFire    . . .     SeeInvis +   h - +0 short sword
rCold    + + .     Gourm    .   (no shield)
rNeg     + + +     Faith    .   a - +0 robe
rPois    ∞         Spirit   .   (no helmet)
rElec    .         Reflect  .   (no cloak)
rCorr    .         Harm     .   (no gloves)
MR       .....                  (no boots)
Stlth    ++++......             (no amulet)
HPRegen  0.00/turn              k - +3 ring of intelligence
MPRegen  0.10/turn              j - +2 ring of protection

@: bloodless, non-regenerating
A: fangs 3, see invisible, unbreathing
a: Bat Form


You were on level 2 of the Dungeon.
You were bloodless.

You visited 1 branch of the dungeon, and saw 2 of its levels.

You collected 70 gold pieces.

Inventory:

Hand Weapons
 h - a +0 short sword (weapon)
   (You took it off a kobold on level 1 of the Dungeon)
Armour
 a - a +0 robe (worn)
Jewellery
 f - an uncursed ring of resist corrosion
   (You found it on level 1 of the Dungeon)
 j - a +2 ring of protection (right hand)
   (You found it on level 1 of the Dungeon)
 k - a +3 ring of intelligence (left hand)
   (You found it on level 2 of the Dungeon)
Scrolls
 c - 5 scrolls of identify {unknown}
 d - a scroll of remove curse {unknown}
 i - a scroll of immolation {unknown}
Potions
 b - 3 potions of curing {unknown}
 e - a potion of flight {unknown}
 g - 2 potions of degeneration {unknown}
 q - 8 potions of blood {@q0}


   Skills:
 + Level 0.7 Short Blades
 + Level 2.7 Dodging
 + Level 3.8 Stealth
 + Level 2.4 Spellcasting
 + Level 4.2 Summonings


You had 3 spell levels left.
You knew the following spells:

 Your Spells              Type           Power        Failure   Level  Hunger
a - Summon Small Mammal   Summ           ###.         2%          1    #......
x - Call Imp              Summ           ###.....     4%          2    ##.....

Your spell library contained the following spells:

 Spells                   Type           Power        Failure   Level  Hunger
 Call Canine Familiar     Summ           ###.....     8%          3    ###....
 Summon Guardian Golem    Hex/Summ       ##......     19%         3    ###....
 Summon Ice Beast         Ice/Summ       ##......     54%         4    #####..
 Summon Lightning Spire   Summ/Air       ##......     54%         4    #####..


Dungeon Overview and Level Annotations

Branches:
Dungeon (2/15)

Altars:


Innate Abilities, Weirdness & Mutations

You do not heal naturally.
You are immune to poison.
You have razor-sharp teeth.
You have supernaturally acute eyesight. (SInv)
You can survive without breathing.


Message History

You kill the bat!
A beastly little devil appears in a puff of frigid air.
You swap places.
Your white imp gestures at the worm.
The puff of frost hits the worm!
Your white imp hits the worm.
Your white imp freezes the worm.
Your white imp hits the worm.
Your white imp freezes the worm.
The worm dies!
You start resting.
You swap places.
You see here a worm corpse.
There's nothing here to drain!
You swap places.
You swap places.
A goblin comes into view. It is wielding a +1 dagger of draining.
The goblin moves out of view.
Found a stone staircase leading up.
You barely miss the jackal skeleton. The jackal skeleton closely misses you.
The jackal skeleton bites you.
* * * LOW HITPOINT WARNING * * *
The jackal skeleton bites your white imp but does no damage.
Your white imp hits the jackal skeleton.
Your white imp freezes the jackal skeleton.
The jackal skeleton resists.
The jackal skeleton barely misses your white imp.
Your white imp hits the jackal skeleton.
Your white imp freezes the jackal skeleton.
The jackal skeleton completely resists.
The jackal skeleton barely misses your white imp.
Your white imp barely misses the jackal skeleton.
The jackal skeleton bites your white imp but does no damage.
Your white imp hits the jackal skeleton.
The jackal skeleton is destroyed!
Found a hunting sling.
Found a leather armour.
The helpless rat fails to defend itself.
You bite the rat, and draw its blood!
You feel better.
You feel slightly less thirsty.
You puncture the rat!
You kill the rat!
An adder comes into view.
Found a coppery potion.
You see here a rat corpse.
You bottle the corpse's blood.
You see here a potion of blood {@q0}.
q - 8 potions of blood {@q0} (gained 1)
The goblin shouts!
You hear a shout!
The goblin unwields a +1 dagger of draining.
The goblin wields a +0 hunting sling.
The goblin shoots a sling bullet.
The sling bullet hits you!
You die...

#.# #....... #.#
##....... #†#
#<....... . #.#
##....... #. #.#
#.......
#.)#########.#
#.......
##.........#.##
########
..............#
......)@5.....#
.......#...8......
.......#...........
g......#...........
....S..#...........
.......##..........
.[..... #..........
!...... #<#..#####


You could see an adder (wandering), a goblin and a friendly white imp.

Vanquished Creatures
  2 oozes
  An adder skeleton (D:2)
  2 bats
  A goblin (D:1)
  A hobgoblin (D:1)
  A frilled lizard (D:1)
  A kobold (D:1)
  4 rats
13 creatures vanquished.

Vanquished Creatures (collateral kills)
  An adder (D:2)
  An adder skeleton (D:2)
  A worm (D:2)
  4 bats
  A hobgoblin (D:2)
  A kobold (D:2)
  A frilled lizard (D:1)
  A jackal skeleton (D:2)
  A withered plant (D:2)
12 creatures vanquished.

Grand Total: 25 creatures vanquished

Notes
Turn   | Place    | Note
-------+----------+-------------------------------------------
     0 | D:1      | MalarOregon the Vampire Summoner began the quest for the
                  | Orb.
     0 | D:1      | Reached XP level 1. HP: 13/13 MP: 3/3
   619 | D:1      | Reached XP level 2. HP: 19/19 MP: 5/5
   704 | D:1      | Learned a level 2 spell: Call Imp
  1270 | D:2      | Reached XP level 3. HP: 12/24 MP: 2/6
  1904 | D:2      | Shot with a sling bullet by a goblin

Action                   || total
-------------------------++-------
Melee: Unarmed           ||    31
       Bite              ||    15
       Short sword       ||    54
 Cast: Summon Small Mamm ||     8
       Call Imp          ||     7
 Stab: Sleeping          ||     4
Armor: Robe              ||    20
Dodge: Dodged            ||    63
